 Dungeon Crawl Stone Soup version 0.31.0-1-g2c135a008e (webtiles) character file.

Game seed: 13723698384024477809

2214 qw the Skirmisher (level 9, -11/66 HPs)
             Began as a Djinni Hunter on Jan 23, 2024.
             Was an Initiate of Okawaru.
             Mangled by a death yak (27 damage)
             ... on level 8 of the Dungeon.
             The game lasted 00:00:27 (5745 turns).

qw the Skirmisher (Djinni Hunter)                   Turns: 5745, Time: 00:00:28

Health: -11/66     AC:  7    Str: 10    XL:     9   Next: 61%
Gold:   300        EV: 18    Int: 11    God:    Okawaru [......] SH:  0 Dex: 27

rFire   + + .        a - +0 shortbow (freeze)
rCold   . . .        (shield currently unavailable)
rNeg    . . .        r - +2 leather armour {rC+}
rPois   inf          (no helmet)
rElec   .            b - +0 cloak
rCorr   .            l - +0 pair of gloves
SInv    .            (boots unavailable)
Will    .....        (no amulet)
Stlth   ++           m - +6 ring of dexterity
HPRegen 0.31/turn    (no ring)
MPRegen 0.00/turn

%: infuse magic (-12 HP)
@: flying
A: sickness immunity, fire resistance 2, cold vulnerability 1, float, innate
caster, HP casting, extra vitality 1
a: Renounce Religion


You were on level 8 of the Dungeon.
You worshipped Okawaru.
Okawaru was noncommittal.
You visited 2 branches of the dungeon, and saw 9 of its levels.

You collected 420 gold pieces.
You spent 120 gold pieces at shops.


Innate Abilities, Weirdness & Mutations

You are immune to sickness and miasma.
You are immune to poison.
Your flesh is very heat resistant. (rF++)
You are vulnerable to cold. (rC-)
You float through the air rather than walking.
You learn spells naturally, not from books.
Your magical power is your life essence.
You have superior vitality. (+4 MHP)


   Skills:
 - Level 6.0 Fighting
 - Level 8.0 Ranged Weapons
 + Level 1.0 Armour
 - Level 7.0 Dodging
 - Level 0.7 Stealth


You knew the following spells:

 Your Spells              Type           Power      Damage    Failure   Level
a - Foxfire               Conj/Fire      0%         2x1d4     43%         1
b - Searing Ray           Conj           0%         2d4       58%         2
c - Volatile Blastmotes   Fire/Tloc      0%         2d10      82%         3
d - Confusing Touch       Hex            0%         N/A       82%         3
Your spell library was empty.

Inventory:

Hand Weapons
 a - a +0 shortbow of freezing (weapon)
Armour
 b - a +0 cloak (worn)
 l - a +0 pair of gloves (worn)
 r - a +2 leather armour of cold resistance (worn)
Jewellery
 d - a ring of ice
 m - a +6 ring of dexterity (left hand)
Wands
 f - a wand of digging (4)
 h - a wand of paralysis (6)
 n - a wand of mindburst (9)
Scrolls
 s - a scroll of blinking {unknown}
Potions
 c - a potion of invisibility {unknown}
 i - a potion of brilliance {unknown}
 j - a potion of cancellation {unknown}
 k - a potion of mutation {unknown}
 o - 2 potions of enlightenment {unknown}
 p - 2 potions of curing {unknown}
 q - a potion of magic {unknown}

Dungeon Overview and Level Annotations

Branches:
Dungeon (8/15)             Temple (1/1) D:7
   Lair: D:8-11

Altars:
Ashenzari
Cheibriados
Dithmenos
Elyvilon
Fedhas
Gozag
Hepliaklqana
Makhleb
Nemelex Xobeh
Okawaru
Qazlal
Ru
Trog
Uskayaw
Wu Jian
Xom
Yredelemnul
Zin
The Shining One

Shops:
D:3 [

Annotations:
D:7 2 transporters, qw's ghost, novice GrHu


Message History

Enter note:
5737 ||| RETREEEEATING.
The death yak snorts and paws the ground.
Enter note:
Enter note:
Enter note:
Enter note:
5738 ||| RETREEEEATING.
The death yak attacks as it pursues you!
The death yak completely misses you.
Enter note:
Enter note:
Enter note:
Enter note:
5739 ||| RETREEEEATING.
The death yak attacks as it pursues you!
The death yak barely misses you.
Enter note:
Enter note:
Enter note:
Enter note:
5740 ||| RETREEEEATING.
Enter note:
Enter note:
Enter note:
Enter note:
5741 ||| RETREEEEATING.
5742 ||| RETREEEEATING.
You shoot an arrow. The arrow hits the death yak!
The arrow freezes the death yak.
The death yak is severely wounded.
The death yak gores you.
5744 ||| DRINKING potion of heal wounds.
You feel much better. The death yak gores you!
You shoot an arrow.
The arrow hits the death yak but does no damage.
The death yak is severely wounded.
The death yak gores you!!
You die...

#.........# ##..## #.....
#........## #....# #.....
##......## ##....## #.....
#......<# #).....## ##....
###......r# #.......# #....
##.........## #.......#####...
##.........Y.# #........#......
##............#####.........##...
.............rYY@.....[...####...
##~..~###.....Y#######.....# ##..
..#~~#...#...### ###...# ##.
}.#~~#.}.#...# #### ###.# #.
..#~~#...#..## ##..### ### ##
##~~~~###....###.....## #
.~~~~~~......##.......### #
.~~~~~~.................##
##~~~~###......%.........##


You could see 3 death yaks and a river rat.

Vanquished Creatures
  5 yaks (D:6)
  2 ice beasts
  A centaur (D:5)
  2 phantoms
  A kobold brigand (D:7)
  2 bullfrogs
  5 wights (D:7)
  An orc priest (D:4)
  A bombardier beetle (D:7)
  3 hounds
  2 jellies
  A sleepcap (D:4)
  Natasha (D:4)
  6 orc wizards
  3 hell rats (D:8)
  4 adders
  2 river rats (D:8)
  4 ribbon worms
  19 orcs
  2 bats
  11 endoplasms
  3 giant cockroaches
  3 goblins
  5 hobgoblins
  4 jackals
  8 kobolds
  4 quokkas
  11 ball pythons
  2 frilled lizards
  8 rats
126 creatures vanquished.

Notes
Turn   | Place    | Note
-------+----------+-------------------------------------------
     0 | D:1      | qw the Djinni Hunter began the quest for the Orb.
     0 | D:1      | Reached XP level 1. HP: 18/18 MP: 0/0
     0 | D:1      | 0 ||| qw: Version: 0.3-a-136-gdd3b4e8
     0 | D:1      | 0 ||| qw: Game counter: 1045
     0 | D:1      | 0 ||| qw: Melee chars always use a shield: true
     0 | D:1      | 0 ||| qw: God list: Okawaru
     0 | D:1      | 0 ||| qw: Allow faded altars: false
     0 | D:1      | 0 ||| qw: Do Orc after clearing Dungeon:15 true
     0 | D:1      | 0 ||| qw: Do second Lair branch before Depths: true
     0 | D:1      | 0 ||| qw: Lair rune preference: random
     0 | D:1      | 0 ||| qw: Goals: Normal
     0 | D:1      | 0 ||| PLANNING D:1-11
   120 | D:1      | Reached XP level 2. HP: 23/23 MP: 0/0
   573 | D:1      | Reached XP level 3. HP: 28/28 MP: 0/0
   573 | D:1      | Learned a level 1 spell: Foxfire
   626 | D:1      | Found a faded altar of an unknown god.
   637 | D:1      | Reached skill level 4 in Ranged Weapons
   981 | D:1      | 981 ||| READING scroll labelled PUNYBR BICZITHASH.
  1082 | D:1      | 1082 ||| READING scroll labelled ZEBBUA BEIKKU.
  1086 | D:1      | 1086 ||| READING scroll labelled YWNAOXZ IMYKE.
  1086 | D:1      | 1086 ||| IDENTIFYING puce potion
  1087 | D:1      | 1087 ||| READING scroll labelled JEEDINT WIFURGH.
  1088 | D:1      | 1088 ||| DROPPING scroll of butterflies.
  1096 | D:2      | 1096 ||| STAIRDANCE
  1187 | D:2      | Reached XP level 4. HP: 34/34 MP: 0/0
  1195 | D:2      | Reached skill level 3 in Fighting
  1658 | D:2      | 1658 ||| UPGRADING to +0 cloak.
  1663 | D:2      | 1663 ||| UPGRADING to +0 pair of gloves.
  1668 | D:2      | 1668 ||| UPGRADING to ring of ice.
  1669 | D:2      | 1669 ||| READING scroll of identify.
  1669 | D:2      | 1669 ||| IDENTIFYING fuming orange potion
  1670 | D:2      | 1670 ||| READING scroll labelled IDDIWNULAR.
  1771 | D:2      | 1771 ||| READING scroll labelled CETSIO VOGIE.
  1772 | D:2      | 1772 ||| DRINKING 2 fuming golden potions.
  1773 | D:2      | 1773 ||| DROPPING potion of lignification.
  1774 | D:2      | 1774 ||| DROPPING potion of attraction.
  1867 | D:3      | Reached skill level 3 in Dodging
  2121 | D:3      | Found Weisaise's Antique Armour Boutique.
  2129 | D:3      | 2129 ||| SHOPLISTING brightly glowing helmet (228 gold,
                  | have 165).
  2129 | D:3      | 2129 ||| BUYING glowing leather armour (120 gold).
  2129 | D:3      | Bought a glowing leather armour for 120 gold pieces
  2155 | D:3      | 2155 ||| UPGRADING to +0 ring mail.
  2165 | D:3      | 2165 ||| DROPPING +0 leather armour.
  2166 | D:3      | 2166 ||| UPGRADING to +2 leather armour of cold resistance.
  2176 | D:3      | 2176 ||| REMOVING ring of ice.
  2177 | D:3      | 2177 ||| DROPPING +0 ring mail.
  2178 | D:3      | 2178 ||| UPGRADING to +6 ring of dexterity.
  2179 | D:3      | 2179 ||| READING scroll labelled XAL JEINEESOUM.
  2180 | D:3      | 2180 ||| READING 2 scrolls labelled NILIUZAQEH.
  2181 | D:3      | 2181 ||| DRINKING 2 fizzy orange potions.
  2182 | D:3      | 2182 ||| DROPPING potion of degeneration.
  2183 | D:3      | 2183 ||| DROPPING scroll of fog.
  2249 | D:4      | Reached skill level 1 in Armour
  2263 | D:4      | Reached XP level 5. HP: 40/40 MP: 0/0
  2263 | D:4      | Learned a level 2 spell: Searing Ray
  2352 | D:4      | Noticed an ice beast
  2353 | D:4      | 2353 ||| ZAPPING wand of paralysis (13) at -7,-7 (ice
                  | beast; floor).
  2354 | D:4      | 2354 ||| ZAPPING wand of paralysis (12) at -6,-6 (ice
                  | beast; floor).
  2355 | D:4      | 2355 ||| ZAPPING wand of paralysis (11) at -5,-5 (ice
                  | beast; floor).
  2356 | D:4      | 2356 ||| ZAPPING wand of paralysis (10) at -4,-4 (ice
                  | beast; floor).
  2366 | D:4      | 2366 ||| ZAPPING wand of paralysis (9) at -3,-3 (ice beast;
                  | floor).
  2377 | D:4      | Killed an ice beast
  2378 | D:4      | Reached skill level 5 in Ranged Weapons
  2378 | D:4      | Reached XP level 6. HP: 46/46 MP: 0/0
  2639 | D:4      | Noticed Natasha
  2649 | D:4      | Killed Natasha
  2793 | D:5      | Entered Level 5 of the Dungeon
  2807 | D:5      | Reached XP level 7. HP: 48/51 MP: 0/0
  2807 | D:5      | Learned a level 3 spell: Volatile Blastmotes
  3669 | D:6      | Noticed a yak
  3670 | D:6      | 3670 ||| ZAPPING wand of quicksilver (8) at -7,1 (yak;
                  | floor).
  3671 | D:6      | 3671 ||| ZAPPING wand of quicksilver (7) at -6,1 (yak;
                  | floor).
  3671 | D:6      | Noticed a yak
  3672 | D:6      | 3672 ||| RETREEEEATING.
  3673 | D:6      | Noticed a yak
  3674 | D:6      | 3674 ||| RETREEEEATING.
  3675 | D:6      | Noticed a yak
  3675 | D:6      | Noticed a yak
  3676 | D:6      | 3676 ||| RETREEEEATING.
  3677 | D:6      | 3677 ||| ZAPPING wand of quicksilver (6) at 0,1 (yak;
                  | floor).
  3677 | D:6      | Killed a yak
  3678 | D:6      | Reached skill level 6 in Ranged Weapons
  3678 | D:6      | Reached XP level 8. HP: 58/58 MP: 0/0
  3678 | D:6      | 3678 ||| ZAPPING wand of quicksilver (5) at -2,3 (yak;
                  | floor).
  3679 | D:6      | 3679 ||| ZAPPING wand of quicksilver (4) at -1,2 (yak;
                  | floor).
  3680 | D:6      | 3680 ||| ZAPPING wand of quicksilver (3) at 0,1 (yak;
                  | floor).
  3680 | D:6      | Killed a yak
  3681 | D:6      | 3681 ||| ZAPPING wand of quicksilver (2) at -1,3 (yak;
                  | floor).
  3682 | D:6      | 3682 ||| ZAPPING wand of quicksilver (1) at 0,2 (yak;
                  | floor).
  3683 | D:6      | 3683 ||| ZAPPING wand of paralysis (18) at 0,1 (yak;
                  | floor).
  3684 | D:6      | 3684 ||| ZAPPING wand of paralysis (17) at 0,1 (yak;
                  | floor).
  3685 | D:6      | 3685 ||| ZAPPING wand of paralysis (16) at 0,1 (yak;
                  | floor).
  3686 | D:6      | 3686 ||| ZAPPING wand of paralysis (15) at 0,1 (yak;
                  | floor).
  3695 | D:6      | 3695 ||| ZAPPING wand of paralysis (14) at 0,1 (yak;
                  | floor).
  3697 | D:6      | Killed a yak
  3698 | D:6      | Reached skill level 7 in Ranged Weapons
  3698 | D:6      | 3698 ||| ZAPPING wand of paralysis (13) at 0,1 (yak;
                  | floor).
  3704 | D:6      | 3704 ||| ZAPPING wand of paralysis (12) at 0,1 (yak;
                  | floor).
  3713 | D:6      | Killed a yak
  3714 | D:6      | 3714 ||| ZAPPING wand of paralysis (11) at 0,1 (yak;
                  | floor).
  3715 | D:6      | 3715 ||| ZAPPING wand of paralysis (10) at 0,1 (yak;
                  | floor).
  3716 | D:6      | 3716 ||| ZAPPING wand of paralysis (9) at 0,1 (yak; floor).
  3717 | D:6      | 3717 ||| ZAPPING wand of paralysis (8) at 0,1 (yak; floor).
  3724 | D:6      | 3724 ||| ZAPPING wand of paralysis (7) at 0,1 (yak; floor).
  3727 | D:6      | Killed a yak
  3896 | D:6      | Found a blossoming altar of Fedhas.
  3905 | D:6      | Found a hazy altar of Hepliaklqana.
  3906 | D:6      | Found an opulent altar of Gozag.
  4279 | D:6      | 4279 ||| READING scroll labelled UTAUHOTTUFEL.
  4304 | D:7      | Reached XP level 9. HP: 66/66 MP: 0/0
  4304 | D:7      | Learned a level 3 spell: Confusing Touch
  4334 | D:7      | Reached skill level 6 in Dodging
  4501 | D:7      | Noticed qw's ghost (novice GrHu)
  4654 | D:7      | Identified the +4 hand axe of Terra Nullius {drain, ^Drain
                  | rCorr MP+9 Int+2}
  4795 | D:7      | Found a staircase to the Ecumenical Temple.
  4796 | D:7      | 4796 ||| PLANNING TEMPLE
  4796 | D:7      | 4796 ||| READING scroll labelled YTUFEPO XUS.
  4796 | D:7      | 4796 ||| BRANDING +0 shortbow.
  4803 | Temple   | Entered the Ecumenical Temple
  4804 | Temple   | 4804 ||| PLANNING OKAWARU WORSHIP
  4810 | Temple   | Became a worshipper of Warmaster Okawaru
  4811 | Temple   | 4811 ||| PLANNING D:1-11
  5035 | D:7      | Found a transporter.
  5047 | D:7      | Found a transporter.
  5452 | D:8      | Reached skill level 8 in Ranged Weapons
  5605 | D:8      | HP: 14/66 [hell rat (8)]
  5606 | D:8      | 5606 ||| READING scroll of teleportation.
  5607 | D:8      | 5607 ||| DRINKING 2 potions of heal wounds.
  5717 | D:8      | Reached skill level 6 in Fighting
  5721 | D:8      | Noticed a death yak
  5726 | D:8      | Noticed a death yak
  5727 | D:8      | Noticed a death yak
  5733 | D:8      | 5733 ||| RETREEEEATING.
  5734 | D:8      | 5734 ||| RETREEEEATING.
  5735 | D:8      | 5735 ||| RETREEEEATING.
  5736 | D:8      | 5736 ||| RETREEEEATING.
  5737 | D:8      | 5737 ||| RETREEEEATING.
  5738 | D:8      | 5738 ||| RETREEEEATING.
  5739 | D:8      | 5739 ||| RETREEEEATING.
  5740 | D:8      | 5740 ||| RETREEEEATING.
  5741 | D:8      | 5741 ||| RETREEEEATING.
  5742 | D:8      | 5742 ||| RETREEEEATING.
  5743 | D:8      | HP: 15/66 [death yak (6)]
  5744 | D:8      | 5744 ||| DRINKING potion of heal wounds.
  5745 | D:8      | Mangled by a death yak

Levels and vault maps discovered:
D:1:      nzn_arrival_settlement, layout_basic, shapermc_ecumenical_altar_gd
D:2:      layout_basic, basic_altar
D:3:      layout_rooms, serial_shops, nicolae_shop_waterfront
D:4:      layout_rooms, uniq_natasha
D:5:      layout_loops_corners
D:6:      layout_loops_ring, chequers_temple_overflow_statue_of_worship
D:7:      layout_loops_ring, minmay_temple_entry_arrows,
          gammafunk_ghost_stat_death
D:8:      layout_cave_pods, dpeg_lair_monsters, fountainhead
Temple:   hellmonk_temple_of_storms

Skill      XL: |  1  2  3  4  5  6  7  8  9 |
---------------+----------------------------+-----
Ranged Weapons | 4 5 6 7 8 |  8.0
Fighting       | 3 4 5 6 |  6.0
Dodging        | 3 4 5 7 |  7.0
Armour         | 1 |  1.0
Stealth        | |  0.7

Action                     |  1- 3 |  4- 6 |  7- 9 || total
---------------------------+-------+-------+-------++-------
   Fire: Shortbow          |    82 |   160 |   275 ||   517
  Evoke: Wand              |       |     5 |    20 ||    25
    Use: Scroll            |     4 |     5 |     3 ||    12
         Potion            |       |     2 |     2 ||     4
 Armour: Leather armour    |    14 |    26 |    65 ||   105
  Dodge: Dodged            |    16 |    53 |   106 ||   175

Table legend:
 A = Non-vault XP
 B = Vault XP
 C = Vault XP percentage of total XP
 D = Non-vault monster count
 E = Vault monster count
 F = Vault count percentage of total count
                 A         B        C        D         E       F
            +---------+---------+-------+---------+---------+-------
      Total |    3007 |     157 |   5.0 |     120 |       6 |   4.8
            +---------+---------+-------+---------+---------+-------
        D:1 |      38 |       0 |   0.0 |      22 |       0 |   0.0
        D:2 |      61 |       0 |   0.0 |      19 |       0 |   0.0
        D:3 |      26 |       0 |   0.0 |      13 |       0 |   0.0
        D:4 |     284 |      35 |  11.0 |      15 |       1 |   6.2
        D:5 |     262 |       0 |   0.0 |       7 |       0 |   0.0
        D:6 |    1256 |       0 |   0.0 |      12 |       0 |   0.0
        D:7 |     981 |       0 |   0.0 |      30 |       0 |   0.0
        D:8 |      99 |     122 |  55.2 |       2 |       5 |  71.4
            +---------+---------+-------+---------+---------+-------
